 Dungeon Crawl Stone Soup version 0.17-a0-580-g22c127a (webtiles) character file.

4818 Magnus the Blocker (level 10, -5/82 HPs)
             Began as a Formicid Fighter on Apr 15, 2015.
             Was a High Priest of Cheibriados.
             Killed from afar by namelastname112's ghost (25 damage)
             ... with a bolt of negative energy
             ... on level 9 of the Dungeon.
             The game lasted 00:55:28 (10672 turns).

Magnus the Blocker (Formicid Fighter)              Turns: 10672, Time: 00:55:31

Health: -5/82      AC: 14    Str: 41    XL:     10   Next: 77%
Magic:  15/21      EV:  9    Int: 19    God:    Cheibriados [*****.]
Gold:   407        SH: 14    Dex: 22    Spells: 0 memorised, 9 levels left

rFire  . . .     SeeInvis +     j - +2 battleaxe (chop)
rCold  . . .     Clarity  .     b - +0 scale mail
rNeg   . . .     SustAb   .     c - +0 shield
rPois  .         Gourm    +     (helmet unavailable)
rElec  +         Spirit   .     I - +2 cloak
rCorr  .         Warding  .     p - +1 pair of gloves
rMut   .         Stasis   +     (no boots)
MR     +....                    s - amulet of the gourmand
Stlth  ..........               l - ring of magical power
                                q - +4 ring of strength

@: mighty, lethally poisoned (-5 -> -7), very slightly contaminated, heavily
drained, invisible, very slow, somewhat resistant to hostile enchantments,
extremely unstealthy
A: permanent stasis, dig shafts and tunnels, four strong arms, antennae 3,
molten scales 1, clumsy 1, electricity resistance
a: Dig, Shaft Self, Bend Time, Temporal Distortion, Slouch, Step From Time,
Renounce Religion


You were on level 9 of the Dungeon.
You worshipped Cheibriados.
Cheibriados was extremely pleased with you.
You were not hungry.

You visited 1 branch of the dungeon, and saw 9 of its levels.

You collected 407 gold pieces.

Inventory:

Hand weapons
 j - a +2 battleaxe of chopping (weapon)
 z - a +3 scimitar of flaming
 K - a +2 war axe of draining
Missiles
 y - 6 tomahawks of returning (quivered)
Armour
 b - a +0 scale mail (worn)
 c - a +0 shield (worn)
 p - a +1 pair of gloves (worn)
 u - a +0 scale mail of positive energy
 I - a +2 cloak (worn)
 L - a +0 plate armour
Jewellery
 l - a ring of magical power (right hand)
 q - a +4 ring of strength (left hand)
 s - an amulet of the gourmand (around neck)
 A - an uncursed amulet of regeneration {unknown}
Magical devices
 r - a wand of fire (6)
 t - a wand of digging (10)
 F - a wand of disintegration (7)
 H - a wand of invisibility (2)
Scrolls
 m - 3 scrolls of identify
 v - a scroll of vulnerability {unknown}
 x - 4 scrolls of recharging
Potions
 a - 2 potions of mutation
 e - a potion of might
 f - a potion of cancellation
 g - a potion of invisibility
 i - a potion of brilliance
 n - 2 potions of magic
 C - a potion of restore abilities
Comestibles
 d - 4 bread rations
 o - 4 beef jerkies
 J - 5 fruits
 P - a royal jelly
 R - 4 meat rations


   Skills:
 + Level 8.7(5.9) Fighting
 + Level 7.6(4.9) Axes
 + Level 8.5(5.8) Armour
 + Level 9.9(7.0) Shields
 + Level 3.9(1.4) Invocations


You had 9 spell levels left.
You didn't know any spells.

Dungeon Overview and Level Annotations

Branches:
Dungeon (9/15)             Temple (0/1) D:7
   Lair: D:8-11         Orc: D:9-12

Altars:
Ashenzari
Cheibriados
Gozag
Kikubaaqudgha
Nemelex Xobeh
Qazlal
Vehumet
Yredelemnul

Annotations:
D:5 Magnus's ghost, experienced FoFi
D:9 namelastname112's ghost, experienced DrAs


Innate Abilities, Weirdness & Mutations

You are under a permanent stasis effect.
You can dig through walls and to a lower floor.
Your four strong arms can wield two-handed weapons with a shield.
You have a pair of large antennae on your head (SInv).
You are partially covered in molten scales (AC +1).
You are clumsy. (Dex -2)
You are resistant to electric shocks.


Message History

The bolt of negative energy misses you.
Drink which item? (? for menu, Esc to quit)
Okay, then.
Use which ability? (? or * to list)
The flow of time bends around you.
Namelastname112's ghost resists with some effort.
You feel slightly more hungry.
You feel sick.
You block namelastname112's ghost's attack.
Use which ability? (? or * to list)
You fail to use your ability.
Namelastname112's ghost hits you but does no damage.
Use which ability? (? or * to list)
Okay, then.
Use which ability? (? or * to list)
The flow of time bends around you.
Namelastname112's ghost resists with some effort.
You feel slightly more hungry.
You feel sick.
Namelastname112's ghost breathes negative energy at you.
The bolt of negative energy hits you!
You feel drained.
You die...

#+######### ..........#
.....#....# ....##....#
##.# ..........# ...
###.##....# #####.# #
#.......# ###.....#
#########.####..@W...##.#
................†.?.....#
######.#######............
# #..........# ####
#####......# .... .....>#
#### { ...... { ....# ###.


You could see namelastname112's ghost.

Vanquished Creatures
  Erica (D:9)
  A hippogriff (D:7)
  Duvessa (D:5)
  An ice beast (D:7)
  2 necrophages (D:7)
  4 orc warriors
  A phantom (D:8)
  A black bear (D:6)
  A crocodile (D:7)
  5 ogres
  A centaur (D:7)
  4 giant frogs
  Dowan (D:5)
  A wyvern skeleton (D:8)
  2 scorpions
  9 wights (D:8)
  A giant frog zombie (D:7)
  2 crimson imps
  8 orc priests
  2 jellies
  6 hounds
  A centaur skeleton (D:9)
  A giant frog skeleton (D:4)
  3 iguanas
  12 orc wizards
  Jessica (D:3)
  8 worker ants
  A killer bee zombie (D:8)
  A hound zombie (D:8)
  A mummy (D:6)
  A worker ant zombie (D:6)
  Robin (D:2)
  11 adders
  3 shadow imps
  2 adder zombies (D:6)
  2 adder skeletons
  A worm (D:4)
  6 giant geckos
  42 orcs
  A ball python (D:1)
  A bat skeleton (D:5)
  17 hobgoblins
  12 jackals
  4 quokkas
  15 bats
  6 giant cockroaches
  6 giant newts
  2 gnoll zombies (D:4)
  28 goblins
  11 kobolds
  18 rats
274 creatures vanquished.

Notes
Turn   | Place    | Note
--------------------------------------------------------------
     0 | D:1      | Magnus, the Formicid Fighter, began the quest for the Orb.
     0 | D:1      | Reached XP level 1. HP: 18/18 MP: 1/1
   386 | D:1      | Reached XP level 2. HP: 13/24 MP: 2/2
   683 | D:1      | Reached skill level 4 in Shields
   729 | D:1      | Reached XP level 3. HP: 24/29 MP: 3/3
  1112 | D:2      | Noticed Robin
  1124 | D:2      | Killed Robin
  1124 | D:2      | Reached XP level 4. HP: 20/37 MP: 4/4
  1338 | D:2      | Found an ancient bone altar of Kikubaaqudgha.
  1646 | D:3      | Noticed Jessica
  1654 | D:3      | Killed Jessica
  1674 | D:3      | Reached XP level 5. HP: 42/42 MP: 5/5
  1699 | D:3      | Noticed a giant frog
  1706 | D:3      | Killed a giant frog
  1804 | D:3      | Reached skill level 5 in Shields
  1804 | D:3      | Reached XP level 6. HP: 37/49 MP: 6/6
  2787 | D:4      | Reached XP level 7. HP: 20/55 MP: 7/7
  2904 | D:4      | Reached skill level 5 in Armour
  3100 | D:4      | Found a shattered altar of Ashenzari.
  3400 | D:4      | Reached skill level 6 in Shields
  3466 | D:4      | Found a snail-covered altar of Cheibriados.
  3473 | D:4      | Became a worshipper of Cheibriados the Contemplative
  3588 | D:4      | Found a basalt altar of Yredelemnul.
  3714 | D:4      | Reached skill level 5 in Fighting
  3786 | D:4      | Found a radiant altar of Vehumet.
  3901 | D:4      | Found a stormy altar of Qazlal.
  3990 | D:5      | Entered Level 5 of the Dungeon
  4053 | D:5      | Noticed Magnus's ghost (experienced FoFi)
  4497 | D:5      | Acquired Cheibriados's first power
  4732 | D:5      | Reached XP level 8. HP: 49/62 MP: 8/8
  5247 | D:5      | Noticed Duvessa
  5247 | D:5      | Noticed Dowan
  5265 | D:5      | Killed Duvessa
  5265 | D:5      | Reached skill level 7 in Shields
  5276 | D:5      | Killed Dowan
  5276 | D:5      | Reached skill level 5 in Axes
  6568 | D:6      | Found an opulent altar of Gozag.
  6938 | D:6      | Reached XP level 9. HP: 69/71 MP: 9/9
  6964 | D:6      | Found a sparkling altar of Nemelex Xobeh.
  7935 | D:7      | Reached skill level 8 in Shields
  7958 | D:7      | Found a staircase to the Ecumenical Temple.
  8161 | D:7      | Acquired Cheibriados's second power
  8385 | D:7      | Reached skill level 9 in Shields
  8592 | D:7      | Reached XP level 10. HP: 63/79 MP: 10/10
  8967 | D:7      | Acquired Cheibriados's third power
  9299 | D:8      | Reached skill level 1 in Invocations
  9988 | D:8      | Acquired Cheibriados's fourth power
 10261 | D:8      | Gained mutation: You are clumsy. (Dex -2) [potion of mutation]
 10261 | D:8      | Gained mutation: You are partially covered in molten scales (AC +1). [potion of mutation]
 10261 | D:8      | Gained mutation: You are resistant to electric shocks. [potion of mutation]
 10452 | D:9      | Noticed Erica
 10469 | D:9      | Killed Erica
 10650 | D:9      | Noticed namelastname112's ghost (experienced DrAs)
 10672 | D:9      | Killed from afar by namelastname112's ghost

Action                   |  1- 3 |  4- 6 |  7- 9 | 10-12 || total
-------------------------+-------+-------+-------+-------++-------
Melee: War axe           |   119 |   155 |   457 |    71 ||   802
       Battleaxe         |       |       |       |    99 ||    99
Throw: Tomahawk          |       |       |     4 |       ||     4
Invok: Bend Time         |       |       |     5 |     4 ||     9
 Abil: Dig               |       |       |     2 |     1 ||     3
  Use: Potion            |       |       |       |    15 ||    15
       Scroll            |       |       |       |    14 ||    14
  Eat: Chunk             |     1 |     5 |    11 |     4 ||    21
       Meat ration       |       |       |     1 |       ||     1
       Pizza             |       |       |       |     1 ||     1
